 Dungeon Crawl Stone Soup version 0.20.1-1-g8b1a95d (webtiles) character file.

19851 homeworkjunkie the Severer (level 12, -7/110 HPs)
             Began as a Hill Orc Fighter on Nov 11, 2017.
             Was the Champion of Okawaru.
             Mangled by a freezing wraith (9 damage)
             ... led by a death knight
             ... on level 12 of the Dungeon.
             The game lasted 00:24:24 (10862 turns).

homeworkjunkie the Severer (Hill Orc Fighter)      Turns: 10862, Time: 00:24:25

Health: -7/110     AC: 28    Str: 31    XL:     12   Next: 73%
Magic:  0/16       EV: 10    Int: 10    God:    Okawaru [******]
Gold:   777        SH:  0    Dex: 12    Spells: 11/11 levels left

rFire    . . .     SeeInvis .   t - +1 battleaxe of Imu Dal {protect, rPois rF- Str+9}
rCold    . . .     Gourm    .   (shield currently unavailable)
rNeg     . . .     Faith    .   o - +0 plate armour
rPois    +         Spirit   +   (no helmet)
rElec    .         Reflect  .   m - +2 cloak
rCorr    .         Harm     .   y - +2 pair of gloves
MR       .....                  (no boots)
Stlth    ..........             s - amulet of guardian spirit
Regen    0.3/turn               I - +2 ring of intelligence
MPRegen  0.2/turn               n - ring of protection from fire

@: protection aura, drained
A: repulsion field 1, rugged brown scales 1
a: Heroism, Finesse, Renounce Religion


You were on level 12 of the Dungeon.
You worshipped Okawaru.
Okawaru was exalted by your worship.
You were not hungry.

You visited 4 branches of the dungeon, and saw 17 of its levels.
You also visited: Ossuary.

You collected 842 gold pieces.
You spent 65 gold pieces at shops.

Inventory:

Hand Weapons
 a - a +3 war axe
 t - the +1 battleaxe of Imu Dal (weapon) {protect, rPois rF- Str+9}
   (Okawaru gifted it to you on level 8 of the Dungeon)

   It protects the one who uses it against injury (+AC on strike).
   It affects your strength (+9).
   It makes you vulnerable to fire.
   It protects you from poison.
Missiles
 q - 14 tomahawks (quivered)
Armour
 j - a +3 shield
 l - the +0 ring mail "Kuneuwerph" {rF+ rCorr Dex+2}
   (You found it on level 2 of the Lair of Beasts)

   It affects your dexterity (+2).
   It protects you from fire.
   It protects you from acid and corrosion.
 m - a +2 cloak (worn)
 o - a +0 plate armour (worn)
 y - a +2 pair of gloves (worn)
Jewellery
 c - an uncursed ring of stealth
 n - a ring of protection from fire (right hand)
 s - an amulet of guardian spirit (around neck)
 I - a +2 ring of intelligence (left hand)
Wands
 e - a wand of acid (1/15)
 k - a wand of disintegration (0/24)
 p - a wand of lightning (0/15)
 w - a wand of disintegration (9/24)
 C - a wand of iceblast (9/15)
 F - a wand of disintegration (3/24)
 G - a wand of random effects (24/48)
 H - a wand of disintegration (15/24)
 K - a wand of flame (8/48)
Scrolls
 d - 6 scrolls of teleportation
 f - 3 scrolls of fear
 i - 5 scrolls of remove curse
 A - a scroll of immolation
 J - a scroll of identify
Potions
 b - a potion of ambrosia {unknown}
 g - a potion of magic {unknown}
 h - 3 potions of lignification
 r - a potion of brilliance {unknown}
 u - 2 potions of berserk rage
 v - 3 potions of flight
 x - 2 potions of might
 z - a potion of mutation
 B - 2 potions of curing
Comestibles
 D - 14 fruits
 E - a bread ration


   Skills:
 * Level 10.4(9.4) Fighting
 * Level 16.9(15.8) Axes
 + Level 0.3(0.0) Throwing
 * Level 9.0(8.0) Armour
 + Level 1.9(1.1) Dodging
 + Level 0.3(0.0) Stealth
 * Level 10.0(9.0) Shields
 * Level 5.7(4.8) Evocations


You had 11 spell levels left.
You didn't know any spells.

Dungeon Overview and Level Annotations

Branches:
Dungeon (12/15)            Temple (1/1) D:4            Lair (3/6) D:8
    Orc (1/2) D:10
  Swamp: Lair:2-4    Shoals: Lair:2-4     Snake: Lair:2-4    Spider: Lair:2-4

Altars:
Ashenzari
Cheibriados
Kikubaaqudgha
Makhleb
Okawaru
Ru

Shops:
D:4 !   D:8 [=}


Innate Abilities, Weirdness & Mutations

You are surrounded by a mild repulsion field. (EV +2)
You are partially covered in rugged brown scales. (AC +1, +3% HP)


Message History

* * * LOW HITPOINT WARNING * * *
You closely miss the death knight.
The death knight is moderately wounded.
You hit the skeletal warrior but do no damage.
Your plate armour prevents you from hitting the skeletal warrior.
You hit the freezing wraith but do no damage.
The skeletal warrior hits you but does no damage.
The freezing wraith hits you but does no damage.
The freezing wraith closely misses you.
The death knight hits you but does no damage.
You feel drained.
As you read the scroll of fear, it crumbles to dust.
You assume a fearsome visage.
The death knight resists with almost no effort.
The skeletal warrior is unaffected.
The freezing wraith is unaffected.
The skeletal warrior is unaffected.
The freezing wraith is unaffected.
The freezing wraith hits you!
* * * LOW HITPOINT WARNING * * *
The freezing wraith freezes you!
You die...

#..# ... #..# ..# #..#
..#
#######..#########..#
....................####
........................
####....................
#...#########.W.####
#...# #@p.# #...# #zz.#
#...# #W..# #.[.# #...#
#...# #...# #...# #...#
#.... ......


You could see a death knight, 2 skeletal warriors and 2 freezing wraiths.

Vanquished Creatures
  Snorg (D:11)
  Josephine (D:11)
  Erolcha (D:9)
  5 two-headed ogres
  An orc knight (D:11)
  Maurice (D:10)
  2 black mambas
  Joseph (D:9)
  A spiny frog (Lair:1)
  A komodo dragon (D:11)
  A troll (D:12)
  8 blink frogs (Lair:1)
  3 hippogriffs
  Sigmund (D:3)
  3 wraiths (D:11)
  13 yaks
  4 vampire mosquitoes (D:12)
  2 steam dragons
  4 hungry ghosts
  The ghost of 0x5F3759DF the Grave Robber, an amateur DENe (D:4)
  Duvessa (D:6)
  7 orc warriors
  3 sky beasts
  A necrophage (D:11)
  2 eyes of draining
  A black bear (D:7)
  3 phantoms
  3 ogres
  6 centaurs
  A crocodile (Lair:1)
  A big kobold (D:10)
  10 bullfrogs
  Dowan (D:6)
  A wyvern skeleton (D:10)
  10 wights
  A killer bee (D:8)
  2 troll zombies (D:10)
  10 howler monkeys
  5 crimson imps
  A centaur zombie (Ossuary)
  2 bullfrog zombies
  4 hounds
  7 jellies
  2 human zombies (Ossuary)
  A bullfrog skeleton (D:8)
  8 orc priests
  Crazy Yiuf (D:2)
  5 iguanas
  7 worker ants
  8 orc wizards
  A big kobold zombie (Ossuary)
  4 ogre zombies (D:10)
  A hound zombie (D:10)
  5 mummies (Ossuary)
  A worker ant zombie (D:10)
  A howler monkey skeleton (D:6)
  4 gnolls (D:2)
  11 adders
  A shadow imp (D:5)
  An ooze (D:4)
  An adder zombie (D:6)
  2 adder skeletons
  A worm (D:4)
  3 dart slugs
  5 leopard geckos
  29 orcs
  5 giant cockroaches
  2 gnoll zombies (Ossuary)
  7 goblins
  9 hobgoblins
  10 jackals
  4 quokkas
  2 ball pythons
  9 bats
  2 frilled lizards
  A goblin skeleton (D:10)
  4 goblin zombies
  A hobgoblin zombie (Ossuary)
  10 kobolds
  5 orc skeletons (D:10)
  10 orc zombies (D:10)
  5 rats
327 creatures vanquished.

Vanquished Creatures (others)
  A bush (Lair:1)
1 creature vanquished.

Grand Total: 328 creatures vanquished

Notes
Turn   | Place    | Note
-------+----------+-------------------------------------------
     0 | D:1      | homeworkjunkie the Hill Orc Fighter began the quest for the Orb.
     0 | D:1      | Reached XP level 1. HP: 19/19 MP: 1/1
   123 | D:2      | Reached skill level 3 in Axes
   123 | D:2      | Reached XP level 2. HP: 23/27 MP: 2/2
   191 | D:3      | Reached XP level 3. HP: 28/33 MP: 3/3
   283 | D:2      | Found a faded altar of an unknown god.
   320 | D:3      | Noticed Sigmund
   340 | D:4      | Reached skill level 4 in Axes
   340 | D:4      | Reached XP level 4. HP: 40/40 MP: 4/4
   415 | D:3      | Killed Sigmund
   415 | D:3      | Reached skill level 5 in Axes
   415 | D:3      | Reached XP level 5. HP: 18/46 MP: 0/5
   415 | D:3      | Reached XP level 6. HP: 20/52 MP: 0/6
   905 | D:3      | Found an iron altar of Okawaru.
   935 | D:3      | Became a worshipper of Warmaster Okawaru
  1131 | D:2      | Reached skill level 6 in Axes
  1267 | D:2      | Found a runed door.
  1274 | D:2      | Noticed Crazy Yiuf
  1282 | D:2      | Killed Crazy Yiuf
  1970 | D:1      | Gained mutation: You are frail. (-10% HP) [potion of mutation]
  1970 | D:1      | Gained mutation: You have an increased reservoir of magic. (+10% MP) [potion of mutation]
  2347 | D:4      | Found a staircase to the Ecumenical Temple.
  2354 | Temple   | Entered the Ecumenical Temple
  2376 | D:5      | Entered Level 5 of the Dungeon
  2464 | D:4      | Noticed 0x5F3759DF's ghost (amateur DENe)
  2473 | D:4      | Killed 0x5F3759DF's ghost
  2473 | D:4      | Reached skill level 7 in Axes
  2473 | D:4      | Reached skill level 5 in Shields
  2473 | D:4      | Reached XP level 7. HP: 45/54 MP: 7/7
  2477 | D:4      | Reached * piety under Okawaru
  2477 | D:4      | Reached skill level 5 in Fighting
  2546 | D:4      | Found a sacrificial altar of Ru.
  2606 | D:4      | Found a shattered altar of Ashenzari.
  2773 | D:4      | Found a snail-covered altar of Cheibriados.
  2943 | D:4      | Found Puobok's Distillery.
  2946 | D:4      | Bought a potion of heal wounds for 65 gold pieces
  3404 | D:6      | Noticed Duvessa
  3406 | D:6      | Reached skill level 8 in Axes
  3408 | D:6      | Noticed Dowan
  3410 | D:6      | Reached XP level 8. HP: 57/62 MP: 8/8
  3414 | D:6      | Killed Duvessa
  3414 | D:6      | Reached skill level 5 in Armour
  3425 | D:6      | Killed Dowan
  3473 | D:6      | Reached ** piety under Okawaru
  3478 | D:6      | Reached skill level 9 in Axes
  3548 | D:6      | Found a sand-covered staircase.
  3552 | Ossuary  | Entered an ossuary
  4052 | D:6      | Reached skill level 10 in Axes
  4384 | D:6      | Lost mutation: You have an increased reservoir of magic. (+10% MP) [potion of mutation]
  4384 | D:6      | Lost mutation: You are frail. (-10% HP) [potion of mutation]
  4384 | D:6      | Gained mutation: You are surrounded by a mild repulsion field. (EV +2) [potion of mutation]
  4384 | D:6      | Gained mutation: You are partially covered in rugged brown scales. (AC +1, +3% HP) [potion of mutation]
  4425 | D:7      | Reached XP level 9. HP: 79/80 MP: 9/9
  4466 | D:8      | Reached *** piety under Okawaru
  4814 | D:8      | Found Hajary's Armour Boutique.
  4907 | D:8      | Found Cisol's Jewellery Shoppe.
  4952 | D:8      | Reached skill level 11 in Axes
  4952 | D:8      | Reached skill level 1 in Evocations
  4970 | D:8      | Found Vuqacrut's Gadget Shoppe.
  5039 | D:8      | Noticed a two-headed ogre
  5048 | D:8      | Killed a two-headed ogre
  5048 | D:8      | Reached **** piety under Okawaru
  5048 | D:8      | Reached skill level 1 in Dodging
  5049 | D:8      | Noticed a two-headed ogre
  5060 | D:8      | Reached skill level 12 in Axes
  5072 | D:8      | Reached XP level 10. HP: 68/88 MP: 5/11
  5178 | D:8      | Killed a two-headed ogre
  5178 | D:8      | Reached ***** piety under Okawaru
  5631 | D:8      | Noticed a two-headed ogre
  5632 | D:8      | Found a staircase to the Lair.
  5642 | D:8      | Killed a two-headed ogre
  5642 | D:8      | Received a gift from Okawaru
  5642 | D:8      | Reached skill level 13 in Axes
  5650 | D:8      | Got a warped battleaxe {god gift}
  5657 | D:8      | Identified the +1 battleaxe of Imu Dal {protect, rPois rF- Str+9} (Okawaru gifted it to you on level 8 of the Dungeon)
  6033 | D:7      | Reached XP level 11. HP: 97/97 MP: 13/13
  6337 | D:10     | Entered Level 10 of the Dungeon
  6383 | D:9      | Noticed Erolcha
  6390 | D:9      | Killed Erolcha
  6390 | D:9      | Reached skill level 14 in Axes
  6613 | D:9      | Found a burning altar of Makhleb.
  6659 | D:11     | Noticed Josephine
  6858 | D:9      | Found an ancient bone altar of Kikubaaqudgha.
  6943 | D:9      | Noticed Joseph
  7010 | D:9      | Killed Joseph
  7461 | D:9      | Noticed a two-headed ogre
  7472 | D:9      | Killed a two-headed ogre
  7573 | D:9      | Found a burning altar of Makhleb.
  7812 | Lair:1   | Entered Level 1 of the Lair of Beasts
  7876 | Lair:2   | Reached skill level 15 in Axes
  7912 | Lair:2   | Got a faintly humming ring mail
  7923 | Lair:2   | Identified the cursed +0 ring mail "Kuneuwerph" {rF+ rCorr Dex+2} (You found it on level 2 of the Lair of Beasts)
  8014 | Lair:1   | Reached ****** piety under Okawaru
  8024 | Lair:1   | HP: 3/99 [blink frog (2)]
  8027 | Lair:1   | HP: 1/99 [blink frog (3)]
  8028 | Lair:1   | Received a gift from Okawaru
  8447 | Lair:1   | Reached XP level 12. HP: 41/109 MP: 8/15
  8808 | D:10     | Reached skill level 5 in Evocations
  8946 | D:10     | Found a staircase to the Orcish Mines.
  9011 | Orc:1    | Entered Level 1 of the Orcish Mines
  9011 | Orc:1    | Noticed Maurice
  9020 | D:10     | Killed Maurice
  9736 | D:10     | Noticed a two-headed ogre
  9744 | D:10     | Killed a two-headed ogre
  9744 | D:10     | Reached skill level 10 in Fighting
  9907 | D:11     | Reached skill level 16 in Axes
  9941 | D:11     | Noticed Snorg
  9949 | D:11     | Killed Snorg
  9977 | D:11     | Identified a scroll of acquirement
 10090 | D:11     | HP: 4/109 [orc warrior/hand axe[an orc knight] (3)]
 10091 | D:11     | Received a gift from Okawaru
 10092 | D:11     | Got a brightly glowing robe {god gift}
 10308 | D:11     | Killed Josephine
 10308 | D:11     | Reached skill level 10 in Shields
 10436 | D:11     | Identified the +1 robe of the Hills {Int+4} (Okawaru gifted it to you on level 11 of the Dungeon)
 10845 | D:12     | Noticed a death knight
 10862 | D:12     | HP: 2/110 [freezing wraith[a death knight] (9)]
 10862 | D:12     | Mangled by a freezing wraith

Skill      XL: |  1  2  3  4  5  6  7  8  9 10 11 12 |
---------------+-------------------------------------+-----
Axes           | 3 4 5 7 8 10 12 13 15 16 | 16.9
Fighting       | 4 5 6 7 8 9 10 | 10.4
Armour         | 4 5 6 7 8 9 |  9.0
Shields        | 4 5 6 7 8 9 10 | 10.0
Evocations     | 1 3 4 5 |  5.7
Dodging        | 1 |  1.9
Throwing       | |  0.3
Stealth        | |  0.3

Action                   |  1- 3 |  4- 6 |  7- 9 | 10-12 || total
-------------------------+-------+-------+-------+-------++-------
Melee: War axe           |    65 |   125 |   297 |    72 ||   559
       Battleaxe         |       |       |       |   468 ||   468
Throw: Tomahawk          |       |       |       |     5 ||     5
Evoke: Wand              |       |       |     2 |    27 ||    29
  Use: Potion            |     2 |     3 |     4 |     4 ||    13
       Scroll            |     1 |     5 |     9 |    21 ||    36
 Stab: Sleeping          |       |       |       |     1 ||     1
  Eat: Royal jelly       |       |     2 |     1 |     2 ||     5
       Meat ration       |       |     1 |       |     2 ||     3
       Bread ration      |       |       |     1 |       ||     1
       Chunk             |       |       |       |     6 ||     6
       Fruit             |       |       |       |    10 ||    10
Armor: Scale mail        |    36 |     4 |       |       ||    40
       Ring mail         |       |    22 |       |    69 ||    91
       Plate armour      |       |    21 |   121 |   212 ||   354
Dodge: Dodged            |    42 |    26 |    37 |   295 ||   400
Block: Shield            |    43 |    89 |   167 |    45 ||   344
